cohdb
Replays
Latest Replays
All Replays
Popular Replays
Top Player Replays
Match Explorer
How It Works
Community
CoH3 Stats
Reddit
Sign in to upload your games and track your stats! →
Sign in with Steam
Match 41270779
Unlisted
Match 41270779
Overview
Messages
Build Orders
End
Selects Australian Defense Battlegroup
Selects Australian Light Infantry Section
Australian Light Infantry Section
Vickers Machine Gun Team
Construct Section Command Post
Infantry Section
Australian Light Infantry Section
Construct Platoon Command Post
Humber Armored Car
Australian Light Infantry Section
CMP 15cwt Truck
Selects CMP 15cwt Supply Run
Selects Defensive Tactics
Selects Reinforced Resource Caches
Selects Artillery Trip Wire Flares
Construct Company Command Post
Crusader II Medium Tank
Animal Whisperer Dude
Xsio
浪漫风情
Chairman LMao
Yannis@_.ly
[HAN]Diederick Kastner
Audentes Fortuna Luvat
帝国の突撃隊
0
0
Comments
sign in to comment!
No comments posted yet!